 Dungeon Crawl Stone Soup version 0.26-a0-720-g2a1d101370 (webtiles) character file.

Game seed: 15746757807044273077

103 lunkers the Poker (level 4, -2/31 HPs)
             Began as a Merfolk Gladiator on Nov 3, 2020.
             Slain by Grinder (5 damage)
             ... on level 3 of the Dungeon.
             The game lasted 00:02:14 (1568 turns).

lunkers the Poker (Merfolk Gladiator)               Turns: 1568, Time: 00:02:14

Health: -2/31      AC:  9    Str: 16    XL:     4   Next: 79%
Magic:  4/4        EV: 13    Int:  7    God:
Gold:   80         SH:  0    Dex: 16    Spells: 3/3 levels left

rFire    + . .     SeeInvis .   a - +0 trident
rCold    + . .     Faith    .   (no shield)
rNeg     . . .     Spirit   .   r - +0 ring mail
rPois    +         Reflect  .   c - +0 helmet
rElec    +         Harm     .   (no cloak)
rCorr    +         Rampage  .   v - +0 pair of gloves
MR       .....                  (no boots)
Stlth    +.........             (no amulet)
HPRegen  0.10/turn              m - ring of flight
MPRegen  0.09/turn              t - ring of poison resistance (curse)

@: mighty, brilliant, resistant
A: change form in water, swift swim, stealthy swim, thin metallic scales 1,
frail 1, strong 1
a: Evoke Flight


You were on level 3 of the Dungeon.
You visited 1 branch of the dungeon, and saw 3 of its levels.

You collected 80 gold pieces.

Inventory:

Hand Weapons
 a - a +0 trident (weapon)
Missiles
 d - 3 throwing nets {=f}
Armour
 b - a +0 leather armour
 c - a +0 helmet (worn)
 r - a +0 ring mail (worn)
 v - a +0 pair of gloves (worn)
Jewellery
 m - a ring of flight (left hand)
 t - a cursed ring of poison resistance (right hand)
Scrolls
 e - a scroll of fear {unknown}
 i - 3 scrolls of random uselessness {unknown}
 j - a scroll of teleportation {unknown}
 l - 5 scrolls of remove curse {unknown}
 p - 6 scrolls of identify {unknown}
 q - 2 scrolls of enchant weapon {unknown}
 s - a scroll of fog {unknown}
 w - a scroll of enchant armour {unknown}
Potions
 f - a potion of brilliance
 k - a potion of mutation
 n - a potion of magic {unknown}
 o - a potion of flight {unknown}
 u - a potion of stabbing {unknown}


   Skills:
 + Level 3.2 Fighting
 * Level 6.3 Polearms
 - Level 2.0 Throwing
 + Level 4.9 Dodging


You had 3 spell levels left.
You didn't know any spells.
Your spell library was empty.

Dungeon Overview and Level Annotations

Branches:
Dungeon (3/15)

Altars:

Annotations:
D:3 Grinder


Innate Abilities, Weirdness & Mutations

You revert to your normal form in water.
You are very nimble and swift while swimming.
You are very stealthy in the water. (Stealth+)
You are partially covered in thin metallic scales. (AC +2)
You are frail. (-10% HP)
Your muscles are strong. (Str +2)


Message History

You feel clever all of a sudden. Grinder hits you!
* * * LOW HITPOINT WARNING * * *
You writhe in agony.
* * * LOW HITPOINT WARNING * * *
It was a potion of mutation.
You feel extremely strange.
You feel frail.
Thin metallic scales grow over part of your body.
You feel stronger. Grinder hits you but does no damage.
It was a potion of resistance.
You feel protected. Grinder hits you but does no damage.
It was a potion of might.
You feel very mighty all of a sudden. Grinder hits you but does no damage.
You barely miss Grinder.
Grinder is moderately wounded.
Grinder hits you.
You die...

..# #)# >.# #.# ......
..#######.#######.....
.....................
.########.#######...
.<.................
.....####.######gb
...............#5#
#....####.####.#@#
...######.####.#.#
.............#.#.#
.....).......#.#†#
.............#.#.#
..†..........#.#.#
###.###......#...#
###.###......#####
...........(.#


You could see Grinder, a goblin and a bat.

Vanquished Creatures
  2 adders
  5 oozes
  A worm (D:2)
  A dart slug (D:1)
  A leopard gecko (D:1)
  An orc (D:3)
  3 giant cockroaches
  7 goblins
  6 hobgoblins
  7 jackals
  A ball python (D:3)
  7 bats
  4 frilled lizards
  4 kobolds
  6 rats
56 creatures vanquished.

Notes
Turn   | Place    | Note
-------+----------+-------------------------------------------
     0 | D:1      | lunkers the Merfolk Gladiator began the quest for the Orb.
     0 | D:1      | Reached XP level 1. HP: 16/16 MP: 1/1
    86 | D:1      | Reached XP level 2. HP: 23/23 MP: 2/2
   101 | D:1      | Reached skill level 5 in Polearms
   417 | D:1      | Reached XP level 3. HP: 25/28 MP: 3/3
  1093 | D:2      | Reached XP level 4. HP: 34/34 MP: 4/4
  1151 | D:2      | Reached skill level 6 in Polearms
  1545 | D:3      | Noticed Grinder
  1545 | D:3      | Paralysed by Grinder for 7 turns
  1555 | D:3      | Paralysed by Grinder for 3 turns
  1565 | D:3      | Gained mutation: You are frail. (-10% HP) [potion of
                  | mutation]
  1565 | D:3      | Gained mutation: You are partially covered in thin metallic
                  | scales. (AC +2) [potion of mutation]
  1565 | D:3      | Gained mutation: Your muscles are strong. (Str +2) [potion
                  | of mutation]
  1568 | D:3      | Slain by Grinder

Illustrated notes

Levels and vault maps discovered:
D:1:      lightli_arrival_windingriver, layout_rooms, grunt_decor_one_mirror,
          ebering_dispersal_statue_hall
D:2:      layout_rooms
D:3:      layout_basic, dancing_weapons_uskayaw, uniq_grinder

Skill      XL: |  1  2  3  4 |
---------------+-------------+-----
Polearms       | 5 6 |  6.3
Fighting       | 3 |  3.2
Throwing       | |  2.0
Dodging        | |  4.9

Action                   |  1- 3 |  4- 6 || total
-------------------------+-------+-------++-------
Melee: Trident           |   123 |    72 ||   195
  Use: Potion            |       |     4 ||     4
 Stab: Sleeping          |     1 |       ||     1
Armor: Leather armour    |    30 |       ||    30
       Ring mail         |     4 |    20 ||    24
Dodge: Dodged            |    82 |    47 ||   129

Table legend: (Time is in decaauts)
 A = Elapsed time spent in this place.
 B = Non-inter-level travel time spent in this place.
 C = Inter-level travel time spent in this place.
 D = Time resting spent in this place.
 E = Time spent auto-exploring this place.
 F = Levels seen in this place.
 G = Mean time per level.
                   A        B        C        D        E       F      G
               +--------+--------+--------+--------+--------+-----+--------+
         Total |   1568 |   1528 |     40 |      0 |   1161 |   3 |  522.7 |
       Dungeon |   1568 |   1528 |     40 |      0 |   1161 |   3 |  522.7 |
               +--------+--------+--------+--------+--------+-----+--------+

Top non-repeatable levels by time:
     D:1: 705 daAuts
     D:2: 526 daAuts
     D:3: 336 daAuts
